 Dungeon Crawl Stone Soup version 0.28-a0-1114-g8eb0198dcf (webtiles) character file.

Game seed: 14275686534907433521

51 Astera the Sneak (level 3, -1/28 HPs)
             Began as a Merfolk Brigand on Dec 11, 2021.
             Slain by a gnoll (9 damage)
             ... on level 2 of the Dungeon.
             The game lasted 00:08:39 (1621 turns).

Astera the Sneak (Merfolk Brigand)                  Turns: 1621, Time: 00:08:40

Health: -1/28      AC:  3    Str: 11    XL:     3   Next: 83%
Magic:  3/3        EV: 12    Int: 10    God:
Gold:   101        SH:  0    Dex: 17    Spells: 2/2 levels left

rFire   . . .      SeeInvis .   h - +2 short sword (venom)
rCold   . . .      Faith    .   (no shield)
rNeg    . . .      Spirit   .   b - +0 robe
rPois   .          Reflect  .   (no helmet)
rElec   .          Harm     .   c - +0 cloak
rCorr   .          Rampage  .   (no gloves)
Will    .....                   (no boots)
Stlth   +.........              (no amulet)
HPRegen 0.09/turn               (no ring)
MPRegen 0.08/turn               (no ring)

@: confused
A: (nimble swimmer 2), mertail
a: no special abilities


You were on level 2 of the Dungeon.
You visited 1 branch of the dungeon, and saw 2 of its levels.

You collected 101 gold pieces.

Inventory:

Hand Weapons
 a - a +2 dagger
 h - a +2 short sword of venom (weapon)
 n - a +5 spear
Missiles
 d - 8 poisoned darts (quivered)
 e - 2 curare-tipped darts
Armour
 b - a +0 robe (worn)
 c - a +0 cloak (worn)
Scrolls
 f - a scroll of blinking {unknown}
 g - 3 scrolls of identify {unknown}
 i - 2 scrolls of magic mapping {unknown}
 j - a scroll of brand weapon {unknown}
 k - a scroll of vulnerability {unknown}
 m - a scroll of amnesia {unknown}
Potions
 l - a potion of curing {unknown}


   Skills:
 + Level 2.5 Fighting
 + Level 2.9 Short Blades
 + Level 2.0 Throwing
 + Level 1.6 Dodging
 + Level 5.6 Stealth


You had 2 spell levels left.
You didn't know any spells.
Your spell library contained the following spells:

 Spells                   Type           Power      Damage    Failure   Level
 Malign Gateway           Summ/Tloc      0%         N/A       100%        7
 Summon Horrible Things   Summ           0%         N/A       100%        8


Dungeon Overview and Level Annotations

Branches:
Dungeon (2/15)

Altars:
Sif Muna

Shops:
D:2 [


Innate Abilities, Weirdness & Mutations

((You are quick and stealthy near water. (Stealth+, EV+, Speed+++)))
Your lower body shifts to a powerful aquatic tail in water.


Message History

The dart slug is almost dead.
You kill the dart slug!
An endoplasm comes into view.
An endoplasm is nearby!
The helpless endoplasm fails to defend itself.
You impale the endoplasm!!
You kill the endoplasm!
No target in view!
Found a stone staircase leading down.
Found a runed spear.
You see here a +5 spear.
You see here a +5 spear.
n - a +5 spear Your +2 short sword of venom stops dripping with poison.
n - a +5 spear (weapon)
You now have 101 gold pieces (gained 7).
Found Loschiadi's Armour Emporium.
There is an entrance to Loschiadi's Armour Emporium here.
You can access your shopping list by pressing '$'.
You see here 24 stones.
A gnoll comes into view. It is wielding a +2 vorpal spear.
The gnoll shouts! x3
You hit the gnoll.
The gnoll is heavily wounded.
The gnoll hits you from afar with a +0 halberd!
The gnoll hits you with a +0 club!
You see here 24 stones.
Your +2 short sword of venom begins to drip with poison!
h - a +2 short sword of venom (weapon)
You barely miss the gnoll.
The gnoll is moderately wounded.
The gnoll closely misses you.
You closely miss the gnoll.
The gnoll is moderately wounded.
The gnoll hits you with a +0 club!
* * * LOW HITPOINT WARNING * * *
Sif Muna's wrath finds you.
You are confused.
You bump into the rock wall.
The gnoll hits you with a +0 club!
You die...

###...# #.# #..#######
......# #.# #..#######
.###.## #.#####..#...... .#
#.# #..........##### .# #.#
#.#####.#.## .# #.# ##.#
##.###.## g# #.# #..# #.##
##.# .#
#.############.#####.###.##
## #...........g@........#..#
##############.#######.#.#
### #.# ###.# ##.## #.# #.#
#### ##.#.#####.#########.#
...# #.###...##.#..<......#
##.######.#.##.##.#.#########
.$.(.......###.##.#.#
.#.######### #.##.#.#


You could see a gnoll.

Vanquished Creatures
  2 dart slugs (D:2)
  3 ball pythons (D:1)
  3 bats
  3 endoplasms
  2 giant cockroaches (D:1)
  9 goblins
  A hobgoblin (D:1)
  5 jackals (D:2)
  6 kobolds
  2 quokkas (D:1)
  3 frilled lizards
  2 rats
41 creatures vanquished.

Notes
Turn   | Place    | Note
-------+----------+-------------------------------------------
     0 | D:1      | Astera the Merfolk Brigand began the quest for the Orb.
     0 | D:1      | Reached XP level 1. HP: 16/16 MP: 1/1
   276 | D:1      | Reached XP level 2. HP: 22/23 MP: 2/2
   662 | D:1      | Reached skill level 5 in Stealth
   724 | D:1      | Found a faded altar of an unknown god.
   734 | D:1      | Prayed at the altar of an unknown god.
   734 | D:1      | Became a worshipper of Sif Muna the Loreminder
   734 | D:1      | Reached * piety under Sif Muna
   743 | D:1      | Fell from the grace of Sif Muna
   796 | D:1      | Reached XP level 3. HP: 28/28 MP: 3/3
  1533 | D:2      | Found Loschiadi's Armour Emporium.
  1621 | D:2      | Slain by a gnoll

Illustrated notes

Levels and vault maps discovered:
D:1:      psy_arrival_basics, layout_basic,
          shapermc_ecumenical_altar_mp_highgroup, glass_columns_c
D:2:      layout_loops_ring, serial_shops, shop, minmay_misc_feat_chi

Skill      XL: |  1  2 |
---------------+-------+-----
Stealth        | 5 |  5.6
Fighting       | |  2.5
Short Blades   | |  2.9
Throwing       | |  2.0
Dodging        | |  1.6

Action                   || total
-------------------------++-------
Melee: Dagger            ||    29
       Short sword       ||    49
       Spear             ||     1
Invok: Renounce Religion ||     1
 Stab: Sleeping          ||    16
       Distracted        ||     1
Armor: Robe              ||    11
Dodge: Dodged            ||    37

Table legend: (Time is in decaauts)
 A = Elapsed time spent in this place.
 B = Non-inter-level travel time spent in this place.
 C = Inter-level travel time spent in this place.
 D = Time resting spent in this place.
 E = Time spent auto-exploring this place.
 F = Levels seen in this place.
 G = Mean time per level.
                   A        B        C        D        E       F      G
               +--------+--------+--------+--------+--------+-----+--------+
         Total |   1614 |   1590 |     24 |    308 |    300 |   2 |  807.0 |
       Dungeon |   1614 |   1590 |     24 |    308 |    300 |   2 |  807.0 |
               +--------+--------+--------+--------+--------+-----+--------+

Top non-repeatable levels by time:
     D:1: 1009 daAuts
     D:2: 604 daAuts
